 Dungeon Crawl Stone Soup version 0.30-a0-728-gc68057be0a (webtiles) character file.

Game seed: 18234335274628618931

4488 testman the Reanimator (level 10, -9/75 HPs)
             Began as a Demonspawn Necromancer on Jan 31, 2023.
             Killed from afar by an electric eel (13 damage)
             ... with a bolt of electricity
             ... on level 8 of the Dungeon.
             The game lasted 00:33:54 (10140 turns).

testman the Reanimator (Demonspawn Necromancer)    Turns: 10140, Time: 00:33:55

Health: -9/75      AC: 13    Str:  9    XL:     10   Next: 16%
Magic:  22/22      EV: 11    Int: 21    God:
Gold:   388        SH:  5    Dex: 13    Spells: 8/25 levels left

rFire   + . .      SeeInvis .    z - +1 short sword (elec)
rCold   + . .      Faith    .    t - +0 buckler
rNeg    . . .      Spirit   .    a - +0 robe
rPois   .          Reflect  .    y - +0 helmet
rElec   .          Harm     .    k - scarf {rC+ rF+}
rCorr   .          Rampage  .    j - +0 pair of gloves
Will    +....                    (no boots)
Stlth   ++                       (no amulet)
HPRegen 0.32/turn                A - ring of willpower
MPRegen 0.18/turn                (no ring)

@: sanguine armoured
A: hooves 2, demonic guardian 1, ignite blood 2, sanguine armour 2
a: no special abilities


You were on level 8 of the Dungeon.
You visited 2 branches of the dungeon, and saw 9 of its levels.
You also visited: Bailey.

You collected 388 gold pieces.

Inventory:

Hand Weapons
 z - a +1 short sword of electrocution (weapon)
Armour
 a - a +0 robe (worn)
 j - a +0 pair of gloves (worn)
 k - a scarf of resistance (worn)
 t - a +0 buckler (worn)
 y - a +0 helmet (worn)
 I - a +3 leather armour of poison resistance
Jewellery
 A - a ring of willpower (left hand)
Wands
 m - a wand of flame (2)
 J - a wand of acid (3)
 K - a wand of iceblast (10)
Scrolls
 d - 4 scrolls of blinking {unknown}
 l - a scroll of vulnerability
 r - 3 scrolls of teleportation {unknown}
 v - 3 scrolls of enchant weapon {unknown}
 w - 2 scrolls of enchant armour {unknown}
 x - a scroll of silence {unknown}
 D - a scroll of fog {unknown}
 E - a scroll of noise {unknown}
 F - a scroll of poison {unknown}
 G - a scroll of fear {unknown}
 H - a scroll of amnesia {unknown}
Potions
 b - 6 potions of magic
 c - 4 potions of mutation
 e - 7 potions of heal wounds
 f - 2 potions of lignification
 g - 3 potions of curing
 h - 6 potions of might
 i - a potion of berserk rage {unknown}
 n - 2 potions of degeneration {unknown}
 o - 5 potions of invisibility
 p - a potion of haste {unknown}
 q - 3 potions of cancellation {unknown}
 s - 4 potions of resistance {unknown}
 u - 2 potions of brilliance {unknown}
 B - a potion of attraction {unknown}
 C - 2 potions of flight {unknown}


   Skills:
 + Level 5.6 Fighting
 - Level 1.7 Dodging
 - Level 1.7 Stealth
 - Level 4.0 Shields
 + Level 8.3 Spellcasting
 + Level 3.2 Hexes
 + Level 10.6 Necromancy


You had 8 spell levels left.
You knew the following spells:

 Your Spells              Type           Power      Damage    Failure   Level
a - Necrotise             Necr           100%       1d9       1%          1
b - Vampiric Draining     Necr           52%        2d9       1%          3
c - Animate Dead          Necr           52%        N/A       1%          4
d - Agony                 Necr           52%        N/A       3%          5
e - Anguish               Hex/Necr       18%        N/A       5%          4

Your spell library contained the following spells:

 Spells                   Type           Power      Damage    Failure   Level
 Ensorcelled Hibernation  Hex/Ice        30%        N/A       8%          2
 Spider Form              Tmut/Pois      8%         N/A       28%         3
 Yara's Violent Unravell  Hex/Tmut       7%         3d5       80%         5
 Enfeeble                 Hex            11%        N/A       100%        7


Dungeon Overview and Level Annotations

Branches:
Dungeon (8/15)             Temple (1/1) D:5          Bailey (visited)
   Lair: D:8-11

Altars:
Cheibriados
Dithmenos
Gozag
Makhleb
Nemelex Xobeh
Okawaru
Ru
Sif Muna
Trog
Uskayaw
Vehumet
Xom
Yredelemnul

Annotations:
D:7 1 runed translucent door


Innate Abilities, Weirdness & Mutations

You have hoof-like feet.
A weak demonic guardian rushes to your aid.
Your demonic aura often causes spilled blood to erupt in flames.
When seriously injured, your blood forms thick armour. (AC +9)


Message History

The bolt of electricity hits you!
Your blood congeals into armour.
A nearby plant withers and dies.
The electric eel shoots out a bolt of lightning at you!
The bolt of electricity hits you!
The electric eel shoots out a bolt of lightning at you!
The bolt of electricity hits you!
The electric eel shoots out a bolt of lightning at you!
The bolt of electricity hits you!
* * * LOW HITPOINT WARNING * * *
A demonic guardian appears!
The bolt of electricity misses you.
Your hornet zombie completely misses the electric eel.
Your ufetubus hits the electric eel. Your ufetubus misses the electric eel.
Your hornet zombie barely misses the electric eel.
Your ufetubus misses the electric eel.
Your ufetubus closely misses the electric eel.
Your hornet zombie hits the electric eel!
Your ufetubus hits the electric eel.
The electric eel dies!
You hear a splash.
Your quasit bites the electric eel but does no damage.
Your quasit claws the electric eel.
Your quasit misses the electric eel.
Your ufetubus splashes around in the water.
Your ufetubus hits the electric eel but does no damage.
Your quasit closely misses the electric eel.
Your quasit misses the electric eel. x2
The electric eel shoots out a bolt of lightning at you!
The bolt of electricity hits your ufetubus!
Your ufetubus dies!
Your ufetubus disappears in a puff of smoke!
The bolt of electricity hits you!
* * * LOW HITPOINT WARNING * * *
The bolt of electricity hits you.
* * * LOW HITPOINT WARNING * * *
Your hornet zombie hits the electric eel.
Your quasit bites the electric eel.
Your quasit barely misses the electric eel.
Your quasit closely misses the electric eel.
The electric eel shoots out a bolt of lightning at you!
The bolt of electricity hits you!
You die...

#....#.# #.#. #.#....#...
#.##.#.#.#...## #.#########
P.P#..#.#.#P~P.#######..........
#P~~~..#.#.~~~~..................
.P~~P..# #~P~~PP.#...........####
#~♣~P.##.#.~~~~~##...............
.~~~.....#~~♣~~.##......<........
.S~.P###~~~~†~.##...............
.~P♣~~...~~~Z5..@'...............
#P~≈♣P~~~~~♣S§#.##...............
~P~~P♣~S.#.##...............
♣~♣♣~~~...##...............
♣~~~~#.####.......#####.).
P♣♣♣♣~P~#.# #......##..[##..
~~~≈≈~~...# #####..#.#(#.#..
~P~~~~~.### ##...#.#....
~.P~PP~.# #.#.#.#.#..


You could see an electric eel (ally target), a friendly quasit (summoned) and a
friendly hornet zombie.

Vanquished Creatures
  Pikel (D:7)
  An unseen horror (D:8)
  A hornet (D:8)
  2 wyverns (D:8)
  Edmund (D:6)
  2 water moccasins (D:7)
  2 orc warriors
  A black bear (D:6)
  An ogre (D:6)
  2 centaurs
  2 lemures (D:7)
  2 necrophages
  2 bullfrogs
  2 kobold brigands
  2 wyvern zombies (D:8)
  2 scorpions
  5 wights (D:6)
  2 killer bees (D:7)
  A howler monkey (D:5)
  3 orc priests
  4 hounds
  2 jellies
  Crazy Yiuf (D:2)
  A gnoll bouda (D:6)
  5 orc wizards
  4 iguanas
  A kobold zombie (D:8)
  15 gnolls
  5 adders
  A shadow imp (D:5)
  A white imp (D:6)
  An ufetubus (D:7)
  A jelly zombie (D:8)
  6 orc zombies
  A worm (D:2)
  3 dart slugs
  27 orcs
  7 endoplasms
  5 giant cockroaches
  7 goblins
  11 hobgoblins
  5 jackals
  5 kobolds
  A quokka (D:3)
  4 ball pythons
  3 bats
  3 frilled lizards
  5 gnoll zombies
  A goblin skeleton (D:7)
  4 rats
177 creatures vanquished.

Vanquished Creatures (collateral kills)
  Grinder (D:3)
  A wyvern (D:8)
  A black bear (D:7)
  A killer bee (D:7)
  An electric eel (D:8)
  A jelly (D:4)
  2 orc priests (D:6)
  An iguana (D:5)
  An orc wizard (D:3)
  An adder (D:3)
  2 gnolls
  A white imp (D:6)
  9 orcs
  A goblin (D:3)
  A jackal (D:2)
  A quokka (D:2)
  2 ball pythons
  A kobold (D:3)
  A rat (D:3)
30 creatures vanquished.

Vanquished Creatures (others)
  A lemure (D:7)
  A bullfrog zombie (D:7)
  A scorpion zombie (D:7)
  A hound zombie (D:6)
  A human zombie (D:6)
  2 iguana zombies
  An orc (D:7)
  2 gnoll zombies (D:6)
  A kobold zombie (D:4)
  7 orc zombies
  35 plants (D:8)
53 creatures vanquished.

Grand Total: 260 creatures vanquished

Notes
Turn   | Place    | Note
-------+----------+-------------------------------------------
     0 | D:1      | testman the Demonspawn Necromancer began the quest for the
                  | Orb.
     0 | D:1      | Reached XP level 1. HP: 13/13 MP: 3/3
   443 | D:1      | Gained mutation: When seriously injured, your blood forms
                  | armour. (AC +9) [demonic ancestry]
   443 | D:1      | Reached XP level 2. HP: 19/19 MP: 5/5
   878 | D:2      | Found a shimmering blue altar of Sif Muna.
   993 | D:2      | Reached skill level 5 in Necromancy
   993 | D:2      | Reached XP level 3. HP: 24/24 MP: 0/7
   997 | D:2      | Learned a level 3 spell: Vampiric Draining
  1166 | D:2      | Found a runed translucent door.
  1167 | D:2      | Noticed Crazy Yiuf
  1173 | D:2      | Killed Crazy Yiuf
  1399 | D:2      | Gained mutation: A weak demonic guardian rushes to your
                  | aid. [demonic ancestry]
  1399 | D:2      | Reached XP level 4. HP: 30/30 MP: 5/8
  1778 | D:3      | Gained mutation: You have large cloven feet. [demonic
                  | ancestry]
  1778 | D:3      | Reached XP level 5. HP: 20/35 MP: 3/10
  1910 | D:3      | Found a faded altar of an unknown god.
  2550 | D:3      | Learned a level 4 spell: Animate Dead
  2607 | D:3      | Reached skill level 6 in Necromancy
  2746 | D:3      | Noticed Grinder
  2756 | D:3      | Paralysed by Grinder for 3 turns
  2766 | D:3      | Killed Grinder
  2767 | D:3      | Reached skill level 1 in Shields
  2767 | D:3      | Gained mutation: When seriously injured, your blood forms
                  | thick armour. (AC +9) [demonic ancestry]
  2767 | D:3      | Reached XP level 6. HP: 25/41 MP: 10/12
  2916 | D:3      | Found an opulent altar of Gozag.
  3624 | D:4      | Reached XP level 7. HP: 35/46 MP: 12/14
  4560 | D:5      | Entered Level 5 of the Dungeon
  4595 | D:5      | Reached skill level 7 in Necromancy
  4823 | D:5      | Reached skill level 5 in Spellcasting
  5623 | D:5      | Gained mutation: Your demonic aura sometimes causes spilled
                  | blood to erupt in flames. [demonic ancestry]
  5623 | D:5      | Reached XP level 8. HP: 47/52 MP: 16/16
  5629 | D:5      | Found a staircase to the Ecumenical Temple.
  5709 | Temple   | Entered the Ecumenical Temple
  5912 | D:6      | Noticed Edmund
  5931 | D:6      | Killed Edmund
  6089 | D:6      | Your ally Edmund died
  6093 | D:6      | Reached skill level 8 in Necromancy
  6610 | D:6      | Learned a level 5 spell: Agony
  6732 | D:6      | Reached skill level 1 in Fighting
  7259 | D:6      | Reached skill level 9 in Necromancy
  7455 | D:7      | Gained mutation: Your demonic aura often causes spilled
                  | blood to erupt in flames. [demonic ancestry]
  7455 | D:7      | Reached XP level 9. HP: 29/62 MP: 16/19
  7514 | D:7      | Found a flagged portal.
  7527 | Bailey   | Entered a bailey
  8394 | D:7      | Found a runed translucent door.
  8405 | D:7      | Found a basalt altar of Yredelemnul.
  8637 | D:7      | Learned a level 4 spell: Anguish
  8639 | D:7      | Noticed Pikel
  8665 | D:7      | Killed Pikel
  8666 | D:7      | Reached skill level 1 in Hexes
  8666 | D:7      | Reached skill level 10 in Necromancy
  8786 | D:7      | Identified the +3 chain mail "Trusted Companion" {rN+
                  | Regen+}
  8950 | D:8      | Reached skill level 5 in Fighting
  9007 | D:8      | Killed an unseen horror
  9445 | D:8      | Gained mutation: You have hoof-like feet. [demonic
                  | ancestry]
  9445 | D:8      | Reached XP level 10. HP: 43/74 MP: 18/22
  9746 | D:8      | Paralysed by a hornet for 3 turns
 10139 | D:8      | HP: 3/75 [electric eel/bolt of electricity (3)]
 10140 | D:8      | Killed from afar by an electric eel

Illustrated notes

Levels and vault maps discovered:
D:1:      ncdulo_wetmaze, layout_loops_cross
D:2:      layout_basic, basic_altar, serial_bayou_pond_a,
          uniq_crazy_yiuf_cottage
D:3:      layout_basic, mainiacjoe_overflow_alcove_1,
          ebering_ecumenical_altar_hall, minmay_pentangle, uniq_grinder
D:4:      layout_layer_cave
D:5:      layout_basic, mainiacjoe_overflow_alcove_4, minmay_temple_entry_arrows
D:6:      layout_cave_pods, st_stairs_2, uniq_edmund
D:7:      layout_basic, dk_yredelemnul_ordeal, enter_bailey_8, uniq_pikel
D:8:      layout_basic, nicolae_lava_and_water, serial_bayou_lagoon_a,
          minmay_checkerbox
Temple:   nicolae_temple_bog_church

Skill      XL: |  1  2  3  4  5  6  7  8  9 10 |
---------------+-------------------------------+-----
Necromancy     | 5 6 7 9 10 | 10.6
Spellcasting   | 3 4 5 7 8 |  8.3
Shields        | 1 2 3 4 |  4.0
Fighting       | 2 5 |  5.6
Hexes          | 2 3 |  3.2
Dodging        | |  1.7
Stealth        | |  1.7

Action                     |  1- 3 |  4- 6 |  7- 9 | 10-12 || total
---------------------------+-------+-------+-------+-------++-------
  Melee: Short sword       |    26 |    19 |   269 |     5 ||   319
         Punch             |     1 |       |       |       ||     1
         Whip              |       |    72 |    43 |       ||   115
         Kick              |       |    19 |    85 |     2 ||   106
   Fire: Sling             |    13 |       |       |       ||    13
   Cast: Necrotise         |    40 |    33 |    35 |     1 ||   109
         Vampiric Draining |     2 |     3 |    20 |     5 ||    30
         Animate Dead      |       |     1 |    15 |     1 ||    17
         Anguish           |       |       |     1 |       ||     1
  Evoke: Wand              |       |     1 |     1 |       ||     2
    Use: Potion            |       |     1 |     4 |       ||     5
         Scroll            |       |       |     8 |       ||     8
   Stab: Sleeping          |       |     3 |     7 |       ||    10
         Distracted        |       |     1 |     1 |       ||     2
 Armour: Robe              |     8 |    19 |    78 |     3 ||   108
  Dodge: Dodged            |    19 |    65 |   152 |     5 ||   241
  Block: Buckler           |       |     9 |    64 |     2 ||    75

Table legend: (Time is in decaauts)
 A = Elapsed time spent in this place.
 B = Non-inter-level travel time spent in this place.
 C = Inter-level travel time spent in this place.
 D = Time resting spent in this place.
 E = Time spent auto-exploring this place.
 F = Levels seen in this place.
 G = Mean time per level.
                   A        B        C        D        E       F      G
               +--------+--------+--------+--------+--------+-----+--------+
         Total |  10189 |   9831 |    358 |    304 |   7742 |  10 | 1018.9 |
       Dungeon |   9289 |   8954 |    335 |    304 |   7135 |   8 | 1161.1 |
        Temple |    164 |    142 |     22 |      0 |    132 |   1 |  164.0 |
        Bailey |    735 |    735 |      0 |      0 |    475 |   1 |  735.0 |
               +--------+--------+--------+--------+--------+-----+--------+

Top non-repeatable levels by time:
     D:4: 1720 daAuts
     D:6: 1511 daAuts
     D:3: 1362 daAuts
     D:8: 1087 daAuts
     D:5: 1074 daAuts
     D:7: 916 daAuts
     D:2: 915 daAuts
  Bailey: 735 daAuts
     D:1: 700 daAuts
  Temple: 164 daAuts
